 Dungeon Crawl Stone Soup version 0.28.0-45-g0d030f2227 (webtiles) character file.

Game seed: 9984261736513505179

28 Mitsuki the Conjurer (level 2, -1/15 HPs)
             Began as a Deep Elf Conjurer on Apr 6, 2022.
             Killed by divine providence
             ... invoked by an orc priest
              (16 damage)
             ... on level 2 of the Dungeon.
             The game lasted 00:01:30 (1205 turns).

Mitsuki the Conjurer (Deep Elf Conjurer)            Turns: 1205, Time: 00:01:31

Health: -1/15      AC:  2    Str:  4    XL:     2   Next: 96%
Magic:  6/8        EV: 12    Int: 22    God:
Gold:   121        SH:  0    Dex: 13    Spells: 5/8 levels left

rFire   . . .      SeeInvis .   c - +0 dagger
rCold   . . .      Faith    .   (no shield)
rNeg    . . .      Spirit   .   a - +0 robe
rPois   .          Reflect  .   (no helmet)
rElec   .          Harm     .   (no cloak)
rCorr   .          Rampage  .   (no gloves)
Will    .....                   (no boots)
Stlth   ++........              d - amulet of regeneration
HPRegen 0.85/turn               (no ring)
MPRegen 0.11/turn               (no ring)

@: no status effects
A: no striking features
a: no special abilities


You were on level 2 of the Dungeon.
You visited 1 branch of the dungeon, and saw 2 of its levels.

You collected 121 gold pieces.

Inventory:

Hand Weapons
 c - a +0 dagger (weapon)
Armour
 a - a +0 robe (worn)
Jewellery
 d - an amulet of regeneration (around neck)
Scrolls
 e - a scroll of blinking {unknown}
 f - a scroll of teleportation {unknown}
 i - a scroll of enchant armour {unknown}
Potions
 b - 2 potions of brilliance {unknown}
 g - a potion of heal wounds {unknown}
 h - a potion of haste {unknown}


   Skills:
 - Level 2.4 Dodging
 - Level 2.4 Stealth
 + Level 3.6 Spellcasting
 * Level 5.1 Conjurations


You had 5 spell levels left.
You knew the following spells:

 Your Spells              Type           Power      Damage    Failure   Level
a - Magic Dart            Conj           100%       1d8       1%          1
b - Searing Ray           Conj           52%        2d6       1%          2

Your spell library contained the following spells:

 Spells                   Type           Power      Damage    Failure   Level
 Shock                    Conj/Air       60%        1d6       4%          1
 Dazzling Flash           Conj/Hex       30%        N/A       12%         3
 Swiftness                Air            4%         N/A       34%         3
 Fulminant Prism          Conj/Hex       7%         3d7       36%         4
 Iskenderun's Mystic Bla  Conj/Tloc      15%        2d5       36%         4
 Airstrike                Air            2%         N/A       75%         4


Dungeon Overview and Level Annotations

Branches:
Dungeon (2/15)

Altars:


Message History

You now have 7/8 mp.
You can't see any susceptible monsters within range! (Use Z to cast anyway.)
You can't see any susceptible monsters within range! (Use Z to cast anyway.)
An endoplasm comes into view.
Found 9 gold pieces.
MP restored: 8
Casting: Magic Dart (safe; 1% risk of failure)
Confirm with . or Enter, or press ? or * to list all spells.
The magic dart hits the endoplasm.
The endoplasm is heavily wounded.
You now have 7/8 mp.
Casting: Magic Dart (safe; 1% risk of failure)
Confirm with . or Enter, or press ? or * to list all spells.
The magic dart hits the endoplasm.
You kill the endoplasm!
You now have 6/8 mp.
You can't see any susceptible monsters within range! (Use Z to cast anyway.)
You can't see any susceptible monsters within range! (Use Z to cast anyway.)
Found a short sword.
MP restored: 8 You now have 121 gold pieces (gained 9).
g - a ruby potion
h - a purple potion;
i - a scroll labelled DOTESCH ZUTE
Found a stone staircase leading down.
An orc and an orc priest come into view.
Casting: Magic Dart (safe; 1% risk of failure)
Confirm with . or Enter, or press ? or * to list all spells.
The magic dart hits the orc priest.
The orc priest is lightly wounded.
The orc priest shouts!
You now have 7/8 mp.
Casting: Magic Dart (safe; 1% risk of failure)
Confirm with . or Enter, or press ? or * to list all spells.
The magic dart hits the orc priest.
The orc priest is heavily wounded.
The orc shouts!
The orc priest invokes the aid of Beogh against you.
Beogh smites you!
Ouch! That really hurt!
You die...

##...........#
#.......#####
##.####.#
#.####.########
#.............#
#.............#
#.............#
#.............#
#.....@.......#
###..#.########
##.#.. #.#.##
#...# ##..# .>.
.oo.


You could see an orc priest and an orc.

Vanquished Creatures
  A dart slug (D:1)
  4 bats
  4 endoplasms
  2 giant cockroaches (D:1)
  4 goblins
  2 hobgoblins (D:1)
  A ball python (D:1)
  2 frilled lizards
  2 rats (D:1)
22 creatures vanquished.

Notes
Turn   | Place    | Note
-------+----------+-------------------------------------------
     0 | D:1      | Mitsuki the Deep Elf Conjurer began the quest for the Orb.
     0 | D:1      | Reached XP level 1. HP: 10/10 MP: 6/6
   351 | D:1      | Reached XP level 2. HP: 15/15 MP: 5/8
   385 | D:1      | Learned a level 2 spell: Searing Ray
   627 | D:1      | Reached skill level 5 in Conjurations
  1205 | D:2      | Killed from afar by an orc priest

Illustrated notes

Levels and vault maps discovered:
D:1:      lightli_arrival_statuegarden, layout_loops_ring,
          corexii_hall_statues_s, serial_bayou_pond_e
D:2:      layout_basic, serial_shops, shop

Skill      XL: |  1  2 |
---------------+-------+-----
Conjurations   | 5 |  5.1
Dodging        | |  2.4
Stealth        | |  2.4
Spellcasting   | |  3.6

Action                   || total
-------------------------++-------
 Cast: Magic Dart        ||    37
Dodge: Dodged            ||     1
